 Dungeon Crawl Stone Soup version 0.18-a0-822-gb52b7b4 (webtiles) character file.

872 Duffy the Martial Artist (level 8, 46/46 HPs)
             Began as a Tengu Monk on Dec 16, 2015.
             Quit the game on level 4 of the Dungeon.
             The game lasted 00:04:44 (3008 turns).

Duffy the Martial Artist (Tengu Monk)               Turns: 3008, Time: 00:04:44

Health: 46/46      AC:  4    Str: 11    XL:     8   Next: 4%
Magic:  9/9        EV: 12    Int: 12    God:
Gold:   122        SH:  0    Dex: 18    Spells: 0 memorised, 7 levels left

rFire  . . .     SeeInvis .       - Unarmed
rCold  . . .     Gourm    .     m - -1 ring mail (curse)
rNeg   . . .     Faith    .     (no shield)
rPois  .         Spirit   .     (helmet restricted)
rElec  .         Dismiss  .     (no cloak)
rCorr  .         Reflect  .     (no gloves)
SustAt .         Harm     .     (boots unavailable)
MR     .....                    k - amulet of regeneration
Stlth  ++........               (no ring)
                                (no ring)

@: not resistant to hostile enchantments, unstealthy
A: beak, talons 3, able to fly 1
a: Fly


You were on level 4 of the Dungeon.
You were not hungry.

You visited 1 branch of the dungeon, and saw 5 of its levels.

You collected 122 gold pieces.


Innate Abilities, Weirdness & Mutations

You have a beak for a mouth.
You have claws for feet.
You can fly.


   Skills:
 - Level 3.0 Fighting
 - Level 3.2 Dodging
 - Level 2.0 Stealth
 + Level 10.5 Unarmed Combat


You had 7 spell levels left.
You didn't know any spells.

Inventory:

Armour
 a - a +0 robe
 e - a +0 ring mail
 i - a +2 leather armour of cold resistance
 m - a cursed -1 ring mail (worn)
Jewellery
 h - an uncursed amulet of the gourmand
 k - an amulet of regeneration (around neck)
Scrolls
 d - 2 scrolls of teleportation {unknown}
 g - a scroll of immolation {unknown}
 j - 4 scrolls of identify {unknown}
 p - a scroll of recharging {unknown}
 q - a scroll of fear {unknown}
Potions
 o - a potion of agility {unknown}
Comestibles
 b - 3 bread rations
 c - a royal jelly
 f - a beef jerky
 l - a slice of pizza
 n - a meat ration

Dungeon Overview and Level Annotations

Branches:
Dungeon (5/15)
 Temple: D:4-7

Altars:
Ashenzari
Dithmenos

Annotations:
D:3 Uberwunderbarhen's ghost, weakling DsCK


Message History

You hit the orc priest. Your kick misses the orc priest.
The orc priest is severely wounded.
The orc priest hits you but does no damage.
Your ring mail prevents you from hitting the orc priest.
The orc priest is severely wounded.
You barely miss the orc priest.
You claw the orc priest, but do no damage.
You peck the orc priest.
The orc priest is almost dead.
The orc priest hits you with a dagger.
You completely miss the orc priest. Your kick misses the orc priest.
You punch the orc priest, but do no damage.
The orc priest is almost dead.
The orc priest hits you but does no damage.
You punch the orc priest!
You kill the orc priest!
HP restored.
j - 4 scrolls labeled KUTZOZXUDU (gained 1)
You now have 122 gold pieces (gained 5).
Items here: %%% )))) [[[
m - a glowing ring mail Wear which item? (? for menu, Esc to quit)
You start removing your armour.
You continue taking off your +0 ring mail. x4
You finish taking off your +0 ring mail.
You start putting on your armour.
You continue putting on your glowing ring mail. x5
The worker ant twitches its antennae in your direction.
You finish putting on your cursed -1 ring mail.
Oops, that feels deathly cold.
Drink which item? (? for menu, Esc to quit)
You don't have any such object.
Drink which item? (? for menu, Esc to quit)
Okay, then.
Are you sure you want to abandon this character and quit the game? (Confirm with "yes".)

#.###...##........#
#......_
######.###......###.##.#
###.....
.......................#
#.....
######.#####.#..###.#..#
#..... #### #.#
#........#.## #...))
...###.# ####..####.#
######)
...#...########..# #.#
#.# #..
............a...># #.#
#.###.#
...#.###..[#####@#
#.#####.##..# ...#.#
#...# #.## #..........##
...#.# #...# #..#
#######..### ..#o# #...#
#..# #..# ##o# #####
#..# ####..# ... #..##
#.....#


.oo ##..# #.##..# ..o #..## #.##..# #...# #.###.# You could see a worker ant.

Action                   |  1- 3 |  4- 6 |  7- 9 || total
-------------------------+-------+-------+-------++-------
Melee: Unarmed           |    77 |   145 |   128 ||   350
 Stab: Sleeping          |     3 |     3 |       ||     6
       Distracted        |       |     1 |       ||     1
  Eat: Chunk             |     1 |     4 |     2 ||     7

Notes
Turn   | Place    | Note
--------------------------------------------------------------
     0 | D:1      | Duffy the Tengu Monk began the quest for the Orb.
     0 | D:1      | Reached XP level 1. HP: 14/14 MP: 2/2
   196 | D:1      | Reached skill level 5 in Unarmed Combat
   196 | D:1      | Reached XP level 2. HP: 8/19 MP: 3/3
   451 | D:1      | You fall through a shaft!
   931 | D:1      | Reached XP level 3. HP: 23/23 MP: 4/4
  1232 | D:2      | Noticed Jessica
  1238 | D:2      | Killed Jessica
  1238 | D:2      | Reached skill level 6 in Unarmed Combat
  1238 | D:2      | Reached XP level 4. HP: 17/28 MP: 5/5
  1830 | D:3      | Gained mutation: You can fly. [Tengu growth]
  1830 | D:3      | Reached XP level 5. HP: 29/32 MP: 6/6
  1902 | D:3      | Reached skill level 7 in Unarmed Combat
  1965 | D:3      | Noticed Uberwunderbarhen's ghost (weakling DsCK)
  2061 | D:4      | Reached XP level 6. HP: 18/37 MP: 7/7
  2150 | D:4      | Noticed Duvessa
  2151 | D:4      | Noticed Dowan
  2187 | D:5      | Entered Level 5 of the Dungeon
  2242 | D:4      | Killed Duvessa
  2242 | D:4      | Reached skill level 8 in Unarmed Combat
  2252 | D:4      | Killed Dowan
  2285 | D:4      | Found a shadowy altar of Dithmenos.
  2354 | D:5      | Found a shattered altar of Ashenzari.
  2405 | D:4      | Reached XP level 7. HP: 39/41 MP: 8/8
  2422 | D:4      | Reached skill level 9 in Unarmed Combat
  2707 | D:4      | Found a shadowy altar of Dithmenos.
  2772 | D:4      | Reached skill level 10 in Unarmed Combat
  2935 | D:4      | Reached XP level 8. HP: 17/46 MP: 9/9
  3008 | D:4      | Quit the game

Vault maps used:
D:1:      sevenhm_arrival_forest_fort_small_3, minmay_strange_pillars
D:2:      uniq_jessica
D:3:      first_bread, uniq_crazy_yiuf_cottage
D:4:      nicolae_overflow_crystal_walls,
          nicolae_gozag_cash_rules_everything_around_me, grunt_dithmenos_smoke,
          uniq_duvessa
D:5:      nicolae_qazlal_style_of_elements, basic_altar, serial_shops, shop,
          shop, nicolae_shop_temple_entry_statues_fountains

Vanquished Creatures
  Duvessa
  An orc warrior
  A phantom Dowan
  A scorpion
  6 orc wizards
  3 orc priests Jessica
  A worker ant
  6 adders
  A gnoll
  An ooze
  A worm
  2 giant geckos
  9 orcs
  6 goblins
  8 hobgoblins
  19 jackals
  5 quokkas
  A ball python skeleton
  5 bats
  5 giant cockroaches
  A giant gecko skeleton
  5 giant newts
  9 kobolds
  7 rats
107 creatures vanquished.
